 Dungeon Crawl Stone Soup version 0.23.2-1-ga50397a (webtiles) character file.

Game seed: 11592110316028754777

961 MalarOregon the Digger (level 8, -5/62 (63) HPs)
             Began as a Ghoul Earth Elementalist on May 30, 2019.
             Slain by a wraith (14 damage)
             ... on level 6 of the Dungeon.
             The game lasted 00:13:35 (6603 turns).

MalarOregon the Digger (Ghoul Earth Elementalist)   Turns: 6603, Time: 00:13:35

HP:   -5/62 (63)    AC:  6    Str: 12      XL:     8   Next: 15%
MP:   18/20         EV: 12    Int: 11 (12) God:
Gold: 156           SH:  4    Dex:  9      Spells: 5/13 levels left

rFire    . . .     SeeInvis .     - Unarmed
rCold    + . .     Gourm    .   o - +0 buckler (curse)
rNeg     + + +     Faith    .   s - +0 robe
rPois    ∞         Spirit   .   (no helmet)
rElec    .         Reflect  .   m - +1 cloak
rCorr    .         Harm     .   p - +0 pair of gloves
MR       .....                  f - +0 pair of boots
Stlth    ++........             (no amulet)
HPRegen  0.00/turn              i - ring of wizardry
MPRegen  0.17/turn              j - ring of magical power

@: rotting, hasted and slowed
A: rotting body, claws 1, carnivore, cold resistance 1, negative energy
resistance 3, inhibited regeneration, torment resistance, unbreathing
a: no special abilities


You were on level 6 of the Dungeon.
You were not hungry.

You visited 2 branches of the dungeon, and saw 7 of its levels.

You collected 300 gold pieces.
You spent 144 gold pieces at shops.

Inventory:

Missiles
 b - 63 stones (quivered)
Armour
 f - a +0 pair of boots (worn)
   (You found it on level 1 of the Dungeon)
 m - a +1 cloak (worn)
   (You found it on level 2 of the Dungeon)
 o - a cursed +0 buckler (worn)
   (You found it on level 3 of the Dungeon)
 p - a +0 pair of gloves (worn)
   (You found it on level 5 of the Dungeon)
 s - a +0 robe (worn)
   (You took it off an orc on level 3 of the Dungeon)
Jewellery
 i - a ring of wizardry (left hand)
   (You found it on level 1 of the Dungeon)
 j - a ring of magical power (right hand)
   (You found it on level 6 of the Dungeon)
 q - an uncursed ring of flight {unknown}
   (You found it on level 6 of the Dungeon)
Scrolls
 g - a scroll of blinking
 n - a scroll of remove curse {@r2}
Potions
 a - a potion of curing {@q1}
Comestibles
 e - 7 rations {!d}


   Skills:
 + Level 3.0 Fighting
 + Level 3.4 Dodging
 + Level 4.5 Stealth
 + Level 2.3 Shields
 + Level 3.1 Unarmed Combat
 + Level 3.1 Spellcasting
   Level 0.8 Transmutations
 * Level 6.0 Earth Magic


You had 5 spell levels left.
You knew the following spells:

 Your Spells              Type           Power        Failure   Level  Hunger
a - Sandblast             Erth           ###...       1%          1    #......
b - Lee's Rapid Deconstr  Erth           ###.......   28%         5    ######.
c - Blink                 Tloc           N/A          19%         2    ###....

Your spell library contained the following spells:

 Spells                   Type           Power        Failure   Level  Hunger
 Passwall                 Tmut/Erth      #.......     4%          2    ###....
 Stone Arrow              Conj/Erth      #.....       11%         3    ###....
 Magic Dart               Conj           #...         13%         1    #......
 Call Imp                 Summ           #.......     19%         2    ###....
 Slow                     Hex            #.......     19%         2    ###....
 Petrify                  Tmut/Erth      #.......     28%         4    #####..
 Conjure Flame            Conj/Fire      #.......     34%         3    ###....
 Mephitic Cloud           Conj/Pois/Air  #.......     34%         3    ###....


Dungeon Overview and Level Annotations

Branches:
Dungeon (6/15)             Temple (1/1) D:6

Altars:
Ashenzari
Cheibriados
Dithmenos
Elyvilon
Fedhas
Gozag
Hepliaklqana
Kikubaaqudgha
Nemelex Xobeh
Okawaru
Qazlal
Ru
Sif Muna
Vehumet
Wu Jian
Xom
Yredelemnul
Zin
The Shining One

Shops:
D:6 }


Innate Abilities, Weirdness & Mutations

Your body is rotting away.
You thrive on raw meat.
You are immune to poison.
You have sharp fingernails.
You are carnivorous and can eat meat at any time.
Your flesh is cold resistant. (rC+)
You are immune to negative energy. (rN+++)
You do not regenerate when monsters are visible.
You are immune to unholy pain and torment.
You can survive without breathing.


Message History

You feel much better. The wraith closely misses you.
You hit the wraith. The wraith misses you.
You closely miss the wraith. The wraith hits you.
The wraith drains your vigour!
You feel as though you will be slow longer.
You closely miss the wraith. The wraith barely misses you.
You hit the wraith but do no damage. The wraith hits you!
* * * LOW HITPOINT WARNING * * *
The wraith drains your vigour!
You feel as though you will be slow longer.
A stone wall.
Okay, then.
Aim: a wraith (moderately damaged)
Okay, then.
You hit the wraith but do no damage. You block the wraith's attack.
You hit the wraith but do no damage. The wraith barely misses you.
You feel your flesh rotting away.
Okay, then.
The mass of ice explodes!
The iceblast engulfs the wraith but does no damage.
The wraith hits you but does no damage.
Unknown command.
The mass of ice explodes!
The iceblast engulfs the wraith!
The wraith partially resists.
The wraith hits you.
* * * LOW HITPOINT WARNING * * *
The wraith drains your vigour!
You feel as though you will be slow longer.
The mass of ice explodes!
The iceblast engulfs the wraith.
The wraith partially resists.
The wraith barely misses you.
Unknown command.
The mass of ice explodes!
The iceblast engulfs the wraith.
The wraith partially resists.
The wraith hits you.
* * * LOW HITPOINT WARNING * * *
The mass of ice explodes!
The iceblast engulfs the wraith.
The wraith partially resists.
The now-empty wand crumbles to dust.
The wraith hits you.
* * * LOW HITPOINT WARNING * * *
The wraith drains your vigour!
You feel as though you will be slow longer.
You aren't carrying any items that you can evoke.
Okay, then.
Aim: a wraith (almost destroyed)
The blast of sand hits the wraith but does no damage.
b - 64 stones You block the wraith's attack.
Aim: a wraith (almost destroyed)
The blast of sand misses the wraith.
b - 63 stones The wraith hits you!
You die...

#.....'........# #...#.###+##
#######...###### #...#.###+##
##....####.# #.##.[.#.......
#...#.####.#### #.....÷........
###.#......#.)..######..÷##......
.....##..#...##..# #.o.##......
......##..######.#####...##......
∩.....###..####.....[..........##
......###......[@########........
.......#..>...#.W# #........
.............#...# #W.......
#####....##.##.### #........
#...#####.## #........
#....###.## #........ #.##....##
#........
#.###################........
#..........|...W.o...........


You could see a wraith.

Vanquished Creatures
  Eustachio (D:6)
  2 ogres
  A centaur (D:5)
  A scorpion (D:5)
  2 crimson imps (D:5)
  A quasit (D:5)
  A bullfrog zombie (D:5)
  3 orc priests
  An orc wizard (D:3)
  A worker ant (D:4)
  A hound zombie (D:5)
  A hound skeleton (D:5)
  6 adders
  4 gnolls (D:6)
  A howler monkey skeleton (D:5)
  3 shadow imps (D:5)
  An adder zombie (D:4)
  An adder skeleton (D:4)
  2 worms
  2 dart slugs
  2 leopard geckos
  11 orcs
  4 giant cockroaches
  3 goblins
  8 hobgoblins
  3 jackals
  3 kobolds
  3 ball pythons
  A ball python zombie (D:5)
  11 bats
  2 frilled lizards
  A leopard gecko skeleton (D:4)
  8 rats
96 creatures vanquished.

Notes
Turn   | Place    | Note
-------+----------+-------------------------------------------
     0 | D:1      | MalarOregon the Ghoul Earth Elementalist began the quest
                  | for the Orb.
     0 | D:1      | Reached XP level 1. HP: 14/14 MP: 2/2
   241 | D:1      | Reached XP level 2. HP: 11/20 MP: 0/3
   609 | D:2      | Reached XP level 3. HP: 27/27 MP: 5/5
   858 | D:2      | Reached skill level 1 in Unarmed Combat
  1564 | D:3      | Found a basalt altar of Yredelemnul.
  1586 | D:3      | Reached skill level 1 in Fighting
  1641 | D:3      | Reached XP level 4. HP: 35/35 MP: 3/6
  1774 | D:3      | Reached skill level 4 in Earth Magic
  2284 | D:3      | Found a faded altar of an unknown god.
  2301 | D:3      | Reached XP level 5. HP: 40/40 MP: 1/7
  3003 | D:3      | Reached skill level 1 in Shields
  3195 | D:4      | Learned a level 5 spell: Lee's Rapid Deconstruction
  3277 | D:4      | Reached XP level 6. HP: 5/48 MP: 0/8
  3455 | D:4      | Learned a level 2 spell: Blink
  3728 | D:5      | Entered Level 5 of the Dungeon
  3810 | D:5      | Reached skill level 5 in Earth Magic
  4049 | D:5      | Reached XP level 7. HP: 47/55 MP: 1/10
  6092 | D:6      | Found a staircase to the Ecumenical Temple.
  6095 | D:6      | Noticed a wraith
  6257 | D:6      | Noticed Eustachio
  6273 | D:6      | Killed Eustachio
  6273 | D:6      | Reached skill level 6 in Earth Magic
  6273 | D:6      | Reached XP level 8. HP: 45/63 MP: 0/11
  6286 | D:6      | Found Tiaruaso's Gadget Shop.
  6293 | D:6      | Bought a wand of iceblast (8) for 144 gold pieces
  6322 | Temple   | Entered the Ecumenical Temple
  6603 | D:6      | Slain by a wraith

Skill      XL: |  1  2  3  4  5  6  7 |
---------------+----------------------+-----
Dodging        | 2 3 |  3.4
Spellcasting   | 2 3 |  3.1
Unarmed Combat | 1 2 3 |  3.1
Fighting       | 1 2 3 |  3.0
Stealth        | 3 4 |  4.5
Earth Magic    | 4 5 6 |  6.0
Shields        | 1 2 |  2.3
Transmutations | |  0.8

Action                   |  1- 3 |  4- 6 |  7- 9 || total
-------------------------+-------+-------+-------++-------
Melee: Unarmed           |   130 |   130 |    87 ||   347
Throw: Stone             |       |     2 |       ||     2
 Cast: Sandblast         |    26 |    68 |    59 ||   153
Evoke: Wand              |       |       |     8 ||     8
  Use: Scroll            |       |     9 |     3 ||    12
       Potion            |       |       |     8 ||     8
 Stab: Sleeping          |     5 |     1 |     3 ||     9
  Eat: Chunk             |    12 |    17 |    11 ||    40
       Ration            |       |       |     2 ||     2
Armor: Robe              |    63 |    54 |    22 ||   139
       Skin              |       |     2 |       ||     2
Dodge: Dodged            |   114 |   113 |    83 ||   310
Block: Buckler           |       |    27 |    17 ||    44
